AoeStats
← BYSNIZ Man Bruno

African Clearing

505254989Analyzed
4v4 RM · 24d ago on Sep 8, 2026· 66m 6s· 8 players
Game mode
Random Map
Map size
Large (8 player)
Population
200
Speed
Normal
Resources
Standard
Victory
Conquest
Starting age
Dark Age
Ending age
Imperial Age
RankedLock teamsTeams togetherTeam positionsShared explorationLock speedFull tech treeHidden civsTurbo modeCheats
Victory
Defeat
🇨🇴 Vietnamese · Colombia
1046
+12
🇨🇱 Persians · Chile
1015
+14
🇺🇾 Inca · Uruguay
993
+15
🇳🇱 Huns · Netherlands
982
+15
🇨🇳 Goths · China
1043
-17
🇨🇿 Inca · Czechia
983
-15
🇨🇳 Dravidians · China
970
-14
🇨🇳 Wu · China
858
-10
BYSNIZ Man Bruno
10:05 Loom
15:52 Feudal Age
20:07 Castle Age
18:04 Double-Bit Axe
18:00 Horse Collar
22:31 Bow Saw
22:19 Stone Mining
23:17 Heavy Plow
32:03 Wheelbarrow
32:10 Town Watch
32:31 Andean Sling
34:04 Hand Cart
33:56 Gold Mining
34:44 Stone Shaft Mining
38:42 Imperial Age
36:16 Town Patrol
36:31 Forging
36:21 Scale Mail Armor
38:55 Gold Shaft Mining
39:02 Iron Casting
38:42 Chain Mail Armor
38:47 Elite Kamayuk
38:50 Capped Ram
40:44 Siege Ram
42:31 Heavy Scorpion
47:49 Blast Furnace
47:19 Plate Mail Armor
48:33 Conscription
49:27 Crop Rotation
49:23 Ballistics
50:04 Chemistry
49:15 Fortified Wall
48:47 Treadmill Crane
49:18 Masonry
49:03 Murder Holes
48:54 Arrowslits
48:59 Guard Tower
49:00 Heated Shot
49:15 Siege Engineers
巨像到你家门口
6:11 Loom
14:43 Feudal Age
21:43 Castle Age
20:09 Double-Bit Axe
20:15 Horse Collar
23:30 Bow Saw
22:57 Pikeman
23:38 Squires
25:32 Wheelbarrow
26:25 Heavy Plow
31:20 Scale Mail Armor
33:55 Forging
34:00 Chain Mail Armor
35:25 Gold Mining
35:27 Stone Mining
41:18 Masonry
41:30 Ballistics
41:07 Treadmill Crane
42:21 Hand Cart
45:04 Imperial Age
45:32 Halberdier
48:33 Chain Mail Armor
54:25 Plate Mail Armor
54:32 Iron Casting
57:12 Town Watch
60:36 Blast Furnace
FishKid
3:36 Loom
15:14 Feudal Age
17:17 Double-Bit Axe
19:52 Castle Age
17:52 Horse Collar
19:19 Gold Mining
27:35 Bow Saw
28:33 Wheelbarrow
30:42 Hand Cart
35:38 Imperial Age
34:32 Masonry
34:23 Murder Holes
34:32 Anarchy
37:16 Architecture
37:39 Perfusion
38:16 Ballistics
41:52 Forging
41:45 Scale Mail Armor
43:15 Two-Man Saw
42:17 Heavy Plow
42:28 Perfusion
41:49 Elite Huskarl
42:50 Conscription
43:12 Chain Mail Armor
43:35 Iron Casting
44:09 Squires
43:30 Pikeman
43:52 Light Cavalry
44:42 Bloodlines
44:33 Husbandry
44:47 Halberdier
46:30 Blast Furnace
47:18 Hussar
48:41 Scale Barding Armor
50:26 Chain Barding Armor
54:22 Fletching
60:49 Chemistry
爱坚果
5:10 Loom
13:21 Feudal Age
14:11 Double-Bit Axe
20:44 Castle Age
19:03 Stone Mining
21:46 Bow Saw
21:33 Fishing Lines
22:48 Wheelbarrow
22:57 Fletching
23:45 Bodkin Arrow
24:44 Hand Cart
crosspunk
3:34 Loom
17:26 Feudal Age
21:34 Castle Age
19:33 Double-Bit Axe
21:36 Town Watch
30:53 Bow Saw
31:03 Town Patrol
31:00 Horse Collar
34:37 Heavy Plow
37:51 Wheelbarrow
37:43 Town Patrol
38:54 Hand Cart
42:59 Imperial Age
40:23 Gold Mining
40:24 Stone Mining
41:42 Stone Shaft Mining
42:34 Scale Mail Armor
42:44 Forging
43:51 Chain Mail Armor
43:36 Man-at-Arms
45:09 Iron Casting
44:14 Long Swordsman
45:48 Plate Mail Armor
44:47 Two-Handed Swordsman
45:55 Squires
45:44 Arson
45:23 Champion
48:55 Hoardings
63:38 Ballistics
64:19 Chemistry
63:16 Murder Holes
64:13 Fletching
64:31 Siege Engineers
64:09 Treadmill Crane
65:37 Two-Man Saw
MIB Asterix
6:31 Loom
15:00 Feudal Age
16:13 Double-Bit Axe
19:09 Castle Age
17:18 Horse Collar
19:11 Wheelbarrow
18:36 Fletching
20:13 Thumb Ring
21:07 Bow Saw
24:02 Hand Cart
26:50 Husbandry
29:39 Heavy Plow
30:20 Bloodlines
31:51 Gold Mining
31:52 Stone Mining
32:33 Ballistics
32:42 Fervor
34:21 Gold Shaft Mining
37:42 Imperial Age
35:19 Scale Barding Armor
35:56 Town Watch
37:23 Bodkin Arrow
37:38 Forging
37:50 Chain Barding Armor
38:46 Conscription
38:29 Marauders
39:19 Heavy Cavalry Archer
40:25 Parthian Tactics
40:10 Cavalier
41:22 Bracer
42:16 Paladin
42:59 Padded Archer Armor
44:32 Plate Barding Armor
44:33 Iron Casting
45:22 Chemistry
45:06 Murder Holes
45:21 Masonry
45:58 Leather Archer Armor
47:02 Elite Tarkan
49:41 Blast Furnace
XITRO
5:00 Loom
13:22 Feudal Age
13:49 Double-Bit Axe
19:27 Castle Age
18:02 Stone Mining
17:59 Horse Collar
21:49 Gold Mining
24:35 Wheelbarrow
25:21 Heavy Plow
29:49 Hand Cart
31:59 Bow Saw
36:25 Imperial Age
34:10 Forging
35:36 Stone Shaft Mining
37:16 Iron Casting
38:17 Chemistry
37:14 Murder Holes
37:40 Ballistics
37:31 Masonry
37:31 Town Watch
38:46 Crop Rotation
39:19 Two-Man Saw
41:09 Kamandaran
41:46 Hoardings
41:31 Conscription
42:08 Architecture
42:17 Citadels
43:23 Gold Shaft Mining
43:22 Squires
43:08 Gambesons
44:33 Blast Furnace
43:24 Fletching
43:35 Padded Archer Armor
44:34 Onager
45:22 Heated Shot
45:44 Scale Barding Armor
45:25 Heavy Scorpion
52:05 Chain Barding Armor
52:01 Leather Archer Armor
51:41 Bodkin Arrow
51:47 Scale Mail Armor
52:13 Caravan
52:43 Coinage
52:24 Guilds
54:38 Town Patrol
61:57 Ring Archer Armor
62:03 Plate Barding Armor
61:44 Chain Mail Armor
61:57 Elite War Elephant
64:35 Plate Mail Armor
63:58 Sappers
yabalapeck
14:52 Feudal Age
16:52 Horse Collar
17:02 Double-Bit Axe
18:48 Horse Collar
21:12 Loom
23:39 Castle Age
21:57 Fletching
22:08 Padded Archer Armor
22:25 Stone Mining
22:30 Gold Mining
23:01 Padded Archer Armor
22:38 Champi Runner
26:14 Bodkin Arrow
30:56 Gold Shaft Mining
32:03 Wheelbarrow
31:14 Town Watch
36:49 Imperial Age
34:10 Crossbowman
35:24 Heavy Plow
37:53 Thumb Ring
40:34 Hand Cart
48:44 Town Patrol
53:23 Bow Saw
54:13 Arbalester
60:40 Leather Archer Armor
61:54 Bracer
63:49 Ballistics
64:42 Ring Archer Armor
65:59 Chemistry
Connection lost

Rejoining the realm…

Still unreachable

The connection could not be restored.

Session expired

The server has moved on; the page needs a fresh start.